 Dungeon Crawl Stone Soup version 0.25-a0-834-g55863b0 (webtiles) character file.

Game seed: 4874601751762174956, levelgen mode: deterministic

58551 FlyingBird the Warrior (level 14, -1/159 HPs)
             Began as an Ogre Wizard on Apr 20, 2020.
             Was an Elder of Cheibriados.
             Slain by Jorgrun
             ... wielding a +0 vorpal quarterstaff
              (5 damage)
             ... while petrified by Jorgrun
             ... on level 12 of the Dungeon on Apr 22, 2020.
             The game lasted 02:51:05 (33060 turns).

FlyingBird the Warrior (Ogre Wizard)               Turns: 33060, Time: 02:51:05

Health: -1/159     AC: 16    Str: 30      XL:     14   Next: 91%
Magic:  10/27      EV: -2    Int: 29 (30) God:    Cheibriados [****..]
Gold:   1535       SH:  0    Dex: 17      Spells: 9/32 levels left

rFire    . . .     SeeInvis .   J - +4 trident of Fortitude {drain, +Blink rElec Str+3}
rCold    + . .     Gourm    .   (no shield)
rNeg     + + +     Faith    +   u - +0 ice dragon scales
rPois    ∞         Spirit   .   S - +2 hat {MR+}
rElec    +         Reflect  .   b - +0 cloak
rCorr    .         Harm     .   (gloves unavailable)
MR       ++...                  (boots unavailable)
Stlth    ..........             n - amulet of faith
HPRegen  0.36/turn              G - ring of wizardry
MPRegen  0.20/turn              M - ring of fire

@: lethally poisoned (-1 -> -1), petrified, grasped by roots, constricted, very
slow
A: large, unfitting armour, tough skin 1
a: Bend Time, Temporal Distortion, Slouch, Renounce Religion, Evoke Blink


You were on level 12 of the Dungeon.
You worshipped Cheibriados.
Cheibriados was greatly pleased with you.
You were hungry.

You visited 3 branches of the dungeon, and saw 19 of its levels.

You collected 1535 gold pieces.

Inventory:

Hand Weapons
 J - the +4 trident of Fortitude (weapon) {drain, +Blink rElec Str+3}
   (You found it on level 6 of the Dungeon)

   A truly terrible weapon, it drains the life of those it strikes.
   It affects your strength (+3).
   It insulates you from electricity.
   It lets you blink.
Armour
 b - a +0 cloak (worn)
 i - a scarf of repulsion
 u - +0 ice dragon scales (worn)
 H - a +0 kite shield
 K - a scarf of resistance
 S - a +2 hat of magic resistance (worn)
Magical Staves
 q - an uncursed staff of summoning
Jewellery
 j - a +2 ring of evasion
 n - an amulet of faith (around neck)
 w - an uncursed ring of wizardry
 C - an uncursed ring of see invisible
 G - a ring of wizardry (left hand)
 M - a ring of fire (right hand)
 X - an uncursed amulet of magic regeneration
Wands
 a - a wand of polymorph (14)
 t - a wand of enslavement (12)
 D - a wand of paralysis (5)
 O - a wand of flame (42)
 P - a wand of digging (4)
Scrolls
 c - 2 scrolls of amnesia {unknown}
 e - 5 scrolls of blinking
 f - a scroll of fear
 g - 5 scrolls of enchant armour
 k - 4 scrolls of immolation
 l - a scroll of teleportation
 s - 3 scrolls of magic mapping
 y - 2 scrolls of fog {unknown}
 A - 6 scrolls of remove curse
 B - 3 scrolls of enchant weapon
 E - a scroll of torment {unknown}
 L - a scroll of brand weapon {unknown}
 T - a scroll of summoning {unknown}
 Y - 4 scrolls of vulnerability {unknown}
Potions
 h - 4 potions of stabbing
 m - 2 potions of flight
 o - 6 potions of curing
 p - 4 potions of resistance
 r - 6 potions of mutation
 z - 5 potions of ambrosia
 I - a potion of heal wounds
 N - 2 potions of brilliance {unknown}
 U - 3 potions of might
 V - a potion of cancellation
Comestibles
 d - 24 rations


   Skills:
 - Level 15.2 Fighting
   Level 4.4 Maces & Flails
 - Level 12.5 Polearms
 - Level 8.3 Armour
 - Level 2.2 Dodging
 - Level 1.7 Stealth
 + Level 9.9 Spellcasting
 - Level 4.2 Conjurations
 - Level 4.3 Summonings
 - Level 2.3 Translocations
 * Level 3.6 Fire Magic
 - Level 0.5 Air Magic
 - Level 4.1 Poison Magic
 - Level 9.5 Invocations
 - Level 1.0 Evocations


You had 9 spell levels left.
You knew the following spells:

 Your Spells              Type           Power        Failure   Level  Hunger
a - Magic Dart            Conj           ####         1%          1    None
b - Blink                 Tloc           N/A          1%          2    None
c - Call Imp              Summ           #####...     1%          2    None
d - Slow                  Hex            ##......     4%          2    None
e - Mephitic Cloud        Conj/Pois/Air  ####....     2%          3    None
f - Conjure Flame         Conj/Fire      ######..     1%          3    None
g - Sticky Flame          Conj/Fire      ######..     6%          4    None
h - Inner Flame           Hex/Fire       #####...     4%          3    None
i - Ignite Poison         Fire/Tmut/Pois #####...     3%          3    None

Your spell library contained the following spells:

 Spells                   Type           Power        Failure   Level  Hunger
 Apportation              Tloc           ####..       1%          1    None
 Foxfire                  Conj/Fire      ####         1%          1    None
 Summon Small Mammal      Summ           ####         1%          1    None
 Searing Ray              Conj           #####.       1%          2    None
 Animate Skeleton         Necr           N/A          3%          1    None
 Corona                   Hex            ##.....      3%          1    None
 Gell's Gravitas          Tloc           ####......   3%          3    None
 Dazzling Flash           Conj/Hex       ####..       4%          3    None
 Iskenderun's Mystic Bla  Conj/Tloc      ####....     9%          4    None
 Confusing Touch          Hex            ##......     10%         3    None
 Fulminant Prism          Conj/Hex       ####......   13%         4    None
 Fireball                 Conj/Fire      ######....   17%         5    ###....
 Petrify                  Tmut/Erth      ##......     32%         4    None
 Metabolic Englaciation   Hex/Ice        ##........   63%         5    ###....
 Yara's Violent Unravell  Hex/Tmut       ##........   63%         5    ###....
 Starburst                Conj/Fire      ######....   65%         6    #####..
 Ring of Flames           Chrm/Fire      #####.....   100%        7    ######.
 Ignition                 Fire           ######....   100%        8    #######


Dungeon Overview and Level Annotations

Branches:
Dungeon (12/15)            Temple (1/1) D:4            Lair (6/6) D:9
 Shoals (0/4) Lair:4        Snake (0/4) Lair:2        Slime (0/5) Lair:6
    Orc (0/2) D:9

Altars:
Ashenzari
Cheibriados
Dithmenos
Elyvilon
Fedhas
Gozag
Hepliaklqana
Kikubaaqudgha
Makhleb
Nemelex Xobeh
Okawaru
Qazlal
Ru
Sif Muna
Trog
Uskayaw
Vehumet
Wu Jian
Xom
Yredelemnul
Zin
The Shining One

Portals:
Hell: Lair:6

Annotations:
D:11 3 runed translucent doors, 1 exclusion, dickjones's ghost, journeyman MiBe
D:12 Jorgrun
Lair:1 3 runed translucent doors, Matzijur's ghost, novice DsGl; Tenaya's ghost, journeyman OgAM
Lair:6 exclusion: 3 oklob plants


Innate Abilities, Weirdness & Mutations

You are too large for most types of armour.
You have tough skin. (AC +1)


Message History

Jorgrun is heavily wounded.
Jorgrun is covered in liquid flames!
Jorgrun burns! x2
Jorgrun hits you with a +0 vorpal quarterstaff!
* * * LOW HITPOINT WARNING * * *
x2 The grasping roots constrict you!
Jorgrun hits you with a +0 vorpal quarterstaff.
* * * LOW HITPOINT WARNING * * *
x2 The grasping roots constrict you!
You have turned to stone.
Jorgrun burns!
Jorgrun hits you with a +0 vorpal quarterstaff!
* * * LOW HITPOINT WARNING * * *
x2 The grasping roots constrict you.
Jorgrun burns!
Jorgrun hits you with a +0 vorpal quarterstaff!
* * * LOW HITPOINT WARNING * * *
x3 The grasping roots constrict you!
Jorgrun burns!
Jorgrun hits you with a +0 vorpal quarterstaff.
* * * LOW HITPOINT WARNING * * *
You die...

#####
#...........
##
#........##
.##........#
.#........#
.........#
#.....#+#####
#....)#......
#............
#..@g.#.###+#
#............
######.......
.......
.......
.......
......(
.......


You could see Jorgrun (burning).

Vanquished Creatures
  Gastronok (D:8)
  A very ugly thing (D:11)
  A dire elephant (Lair:6)
  Snorg (D:11)
  Josephine (D:11)
  8 hydras
  2 catoblepae
  2 death yaks
  Erica (D:11)
  3 two-headed ogres
  4 skeletal warriors (D:12)
  A sixfirhy (Lair:6)
  A glowing orange brain (D:11)
  A wizard (Lair:6)
  4 oklob plants (Lair:3)
  2 manticores
  5 ugly things (D:11)
  10 elephants
  A merfolk siren (Lair:4)
  5 orange demons (Lair:6)
  6 black mambas
  10 spiny frogs
  2 gargoyles
  5 rime drakes
  An ice devil (Lair:6)
  5 komodo dragons
  A hellwing (Lair:6)
  A troll (D:9)
  3 merfolk (Lair:4)
  3 blink frogs (Lair:5)
  A dream sheep (Lair:6)
  9 hippogriffs
  4 wraiths
  A shadow (D:11)
  3 hogs (D:7)
  47 yaks
  A basilisk (Lair:2)
  3 wyverns
  Grum (D:8)
  A hungry ghost (D:11)
  A human (D:7)
  14 water moccasins
  Edmund (D:6)
  3 hell hounds (Lair:6)
  An acid dragon (D:11)
  3 sky beasts
  A swamp drake (D:9)
  4 porcupines
  7 orc warriors
  A hornet zombie (D:10)
  A phantom (D:11)
  2 ice beasts
  An eye of draining (D:10)
  6 ogres
  13 wolves
  7 centaurs
  8 crocodiles
  4 big kobolds
  8 bullfrogs
  A wyvern skeleton (D:10)
  A scorpion (D:7)
  7 killer bees
  4 wights
  4 howler monkeys
  An electric eel (D:9)
  4 crimson imps
  10 hounds
  2 jellies (D:9)
  A quasit (D:9)
  3 bullfrog skeletons
  8 orc priests
  Ijyb (D:4)
  2 centaur skeletons
  3 iguanas
  10 orc wizards
  7 worker ants
  A worker ant zombie (D:11)
  13 adders
  3 gnolls (D:6)
  2 howler monkey skeletons
  4 shadow imps
  2 oozes
  A worm zombie (D:7)
  2 adder zombies
  A worm (D:3)
  2 dart slugs (D:1)
  5 leopard geckos
  35 orcs
  3 ball pythons
  6 giant cockroaches
  9 goblins
  14 hobgoblins
  2 jackals (D:6)
  21 kobolds
  10 quokkas
  2 bats
  4 frilled lizards
  A jackal skeleton (D:5)
  2 jackal zombies
  A leopard gecko skeleton (D:6)
  7 rats
  A plant (Lair:1)
472 creatures vanquished.

Vanquished Creatures (collateral kills)
  A hydra (Lair:4)
  An elephant (Lair:3)
  A spiny frog (Lair:5)
  A blink frog (Lair:5)
  6 yaks
  Sigmund (D:4)
  A hog (D:7)
  3 water moccasins
  A phantom (D:7)
  A crocodile (D:10)
  An ogre (D:4)
  A bullfrog (D:8)
  2 scorpions
  A killer bee (D:7)
  A wight (D:7)
  2 howler monkeys
  An orc priest (D:10)
  An orc wizard (D:7)
  Jessica (D:3)
  An iguana (D:5)
  A worker ant zombie (D:8)
  2 adders
  An ooze (D:4)
  3 orcs
  A giant cockroach (D:5)
  3 hobgoblins
  3 jackals (D:1)
  A kobold (D:1)
  2 quokkas
  2 frilled lizards
  A jackal skeleton (D:6)
  A butterfly (Lair:3)
50 creatures vanquished.

Vanquished Creatures (others)
  8 fungi
  29 plants
  4 withered plants (Lair:1)
41 creatures vanquished.

Grand Total: 563 creatures vanquished

Notes
Turn   | Place    | Note
-------+----------+-------------------------------------------
     0 | D:1      | FlyingBird the Ogre Wizard began the quest for the Orb.
     0 | D:1      | Reached XP level 1. HP: 16/16 MP: 5/5
   427 | D:1      | Reached XP level 2. HP: 18/24 MP: 2/7
   499 | D:1      | Learned a level 2 spell: Blink
   502 | D:1      | Learned a level 2 spell: Call Imp
   866 | D:1      | Reached skill level 1 in Conjurations
  1354 | D:1      | Reached XP level 3. HP: 26/31 MP: 0/8
  2004 | D:1      | Reached skill level 1 in Summonings
  3392 | D:2      | Reached XP level 4. HP: 36/40 MP: 5/10
  3976 | D:3      | Noticed Jessica
  4043 | D:3      | Found a faded altar of an unknown god.
  4883 | D:3      | Learned a level 2 spell: Slow
  4887 | D:3      | Learned a level 3 spell: Mephitic Cloud
  4903 | D:3      | Killed Jessica
  4903 | D:3      | Reached XP level 5. HP: 46/46 MP: 8/12
  5114 | D:4      | Reached skill level 1 in Translocations
  5341 | D:4      | Noticed an ogre
  5441 | D:4      | Noticed Ijyb
  5476 | D:4      | Killed Ijyb
  5924 | D:4      | Noticed an ogre
  5950 | D:4      | Killed an ogre
  5950 | D:4      | Reached XP level 6. HP: 29/54 MP: 0/13
  6116 | D:4      | Reached skill level 1 in Fighting
  6407 | D:4      | Found a staircase to the Ecumenical Temple.
  6413 | Temple   | Entered the Ecumenical Temple
  6507 | Temple   | Became a worshipper of Cheibriados the Contemplative
  6582 | D:4      | Noticed Sigmund
  6645 | D:4      | Killed Sigmund
  6751 | D:5      | Entered Level 5 of the Dungeon
  6907 | D:5      | Noticed a sky beast
  6994 | D:5      | Killed a sky beast
  6994 | D:5      | Reached XP level 7. HP: 44/62 MP: 2/14
  7488 | D:5      | Found a radiant altar of Vehumet.
  7508 | D:5      | Reached skill level 5 in Spellcasting
  7636 | D:5      | Reached skill level 2 in Fighting
  7636 | D:5      | Reached skill level 1 in Poison Magic
  7636 | D:5      | Reached skill level 1 in Evocations
  8079 | D:6      | Noticed Edmund
  8279 | D:6      | Found a glowing silver altar of Zin.
  8349 | D:6      | Got a polished trident
  8350 | D:6      | Identified the +4 trident of Fortitude {drain, +Blink rElec
                  | Str+3} (You found it on level 6 of the Dungeon)
  8395 | D:6      | Reached * piety under Cheibriados
  8508 | D:6      | Found a shimmering altar of Xom.
  8669 | D:6      | Reached skill level 3 in Fighting
  8669 | D:6      | Reached skill level 1 in Polearms
  8669 | D:6      | Reached skill level 1 in Invocations
  8669 | D:6      | Reached XP level 8. HP: 75/75 MP: 8/15
  8701 | D:6      | Killed Edmund
  9568 | D:6      | Reached skill level 4 in Fighting
  9901 | D:7      | Reached ** piety under Cheibriados
 10466 | D:7      | Reached XP level 9. HP: 62/87 MP: 4/16
 10631 | D:7      | Reached skill level 5 in Fighting
 11116 | D:7      | Reached skill level 5 in Polearms
 11128 | D:7      | Reached skill level 6 in Fighting
 11715 | D:8      | Found an ancient bone altar of Kikubaaqudgha.
 11731 | D:8      | Noticed Gastronok
 11900 | D:8      | Found a bloodstained altar of Trog.
 12042 | D:8      | Found an ornate altar of the Wu Jian Council.
 12044 | D:8      | Found a shattered altar of Ashenzari.
 12150 | D:7      | Reached *** piety under Cheibriados
 12382 | D:8      | Noticed Grum
 12387 | D:8      | Reached skill level 7 in Fighting
 12394 | D:8      | Killed Grum
 12396 | D:8      | Reached skill level 1 in Armour
 12675 | D:8      | Noticed a manticore
 12695 | D:8      | Killed a manticore
 12695 | D:8      | Reached skill level 8 in Fighting
 12695 | D:8      | Reached XP level 10. HP: 16/104 MP: 0/17
 13045 | D:8      | Killed Gastronok
 13045 | D:8      | Reached skill level 9 in Fighting
 13045 | D:8      | Reached skill level 5 in Invocations
 13787 | D:9      | Reached skill level 1 in Maces & Flails
 13814 | D:9      | Reached **** piety under Cheibriados
 13832 | D:9      | Reached skill level 10 in Fighting
 13951 | D:9      | Noticed a gargoyle
 13970 | D:9      | Killed a gargoyle
 13970 | D:9      | Reached XP level 11. HP: 86/119 MP: 3/18
 14099 | D:9      | Found a staircase to the Lair.
 14293 | D:9      | Noticed a two-headed ogre
 14300 | D:9      | Killed a two-headed ogre
 14300 | D:9      | Reached skill level 11 in Fighting
 14534 | D:9      | Reached ***** piety under Cheibriados
 14737 | D:9      | Found a staircase to the Orcish Mines.
 14934 | D:10     | Entered Level 10 of the Dungeon
 15558 | D:10     | Reached skill level 12 in Fighting
 15629 | D:10     | Upgraded the game from 0.25-a0-822-g6581751 to
                  | 0.25-a0-827-gdbf7afb
 16006 | D:11     | Found a transporter.
 16087 | D:11     | Found a runed translucent gate.
 16087 | D:11     | Found a runed translucent gate.
 16087 | D:11     | Found a runed translucent gate.
 16087 | D:11     | Noticed a brown very ugly thing
 16087 | D:11     | Noticed a white ugly thing
 16087 | D:11     | Noticed a brown ugly thing
 16087 | D:11     | Noticed a glowing orange brain
 16087 | D:11     | Noticed a cyan ugly thing
 16088 | D:11     | Noticed a white ugly thing
 16105 | D:11     | Upgraded the game from 0.25-a0-827-gdbf7afb to
                  | 0.25-a0-834-g55863b0
 16169 | D:11     | Found a transporter.
 16200 | D:11     | Noticed a two-headed ogre
 16201 | D:11     | Noticed Erica
 16218 | D:11     | Killed a two-headed ogre
 16231 | D:11     | Killed Erica
 16477 | D:11     | Noticed a two-headed ogre
 16485 | D:11     | Killed a two-headed ogre
 16492 | D:11     | Learned a level 3 spell: Conjure Flame
 16785 | D:11     | Noticed a cyan ugly thing
 16794 | D:11     | Killed a cyan ugly thing
 16866 | D:11     | Noticed Snorg
 16879 | D:11     | Killed Snorg
 16879 | D:11     | Reached XP level 12. HP: 125/132 MP: 13/19
 16933 | D:11     | Noticed Josephine
 16952 | D:11     | Killed Josephine
 16952 | D:11     | Reached skill level 10 in Polearms
 17289 | Lair:1   | Entered Level 1 of the Lair of Beasts
 17377 | Lair:1   | Found a runed translucent gate.
 17377 | Lair:1   | Found a runed translucent gate.
 17378 | Lair:1   | Found a runed translucent gate.
 17379 | Lair:1   | Noticed Tenaya's ghost (journeyman OgAM)
 17379 | Lair:1   | Noticed Matzijur's ghost (novice DsGl)
 17859 | Lair:1   | You fall into a shaft and drop 1 floor!
 17877 | Lair:1   | Found a blossoming altar of Fedhas.
 18059 | Lair:1   | Got an encrusted arbalest
 18061 | Lair:1   | Identified the +8 arbalest "Siupusit" {speed, rPois rN+
                  | Dex+4} (You found it on level 1 of the Lair of Beasts)
 18887 | Lair:2   | Found a staircase to the Snake Pit.
 19112 | Lair:2   | Learned a level 4 spell: Sticky Flame
 19884 | Lair:2   | Reached skill level 5 in Armour
 20297 | Lair:3   | Reached XP level 13. HP: 130/141 MP: 17/20
 21667 | Lair:4   | Found a staircase to the Shoals.
 22121 | Lair:4   | Reached skill level 13 in Fighting
 24952 | Lair:6   | Entered Level 6 of the Lair of Beasts
 25091 | Lair:5   | Reached skill level 14 in Fighting
 25816 | Lair:6   | Noticed a dire elephant
 25844 | Lair:6   | Killed a dire elephant
 25844 | Lair:6   | Reached XP level 14. HP: 98/157 MP: 12/26
 26955 | Lair:6   | Reached skill level 15 in Fighting
 27126 | Lair:6   | Found a staircase to the Slime Pits.
 27577 | Lair:6   | Learned a level 3 spell: Inner Flame
 28395 | Lair:6   | Found a burning altar of Makhleb.
 28817 | Lair:6   | Found a gateway to Hell.
 29139 | Lair:3   | Reached skill level 1 in Fire Magic
 30884 | D:11     | Learned a level 3 spell: Ignite Poison
 31678 | D:11     | Killed a brown very ugly thing
 32246 | D:11     | Found a runed translucent gate.
 32246 | D:11     | Found a runed translucent gate.
 32248 | D:11     | Noticed dickjones's ghost (journeyman MiBe)
 32254 | D:11     | Found a runed translucent gate.
 32665 | D:12     | HP: 7/159 [skeletal warrior/+0 battleaxe[a skeletal
                  | warrior] (28)]
 33039 | D:12     | Noticed Jorgrun
 33059 | D:12     | HP: 5/159 [Jorgrun/+0 vorpal quarterstaff (5)]
 33060 | D:12     | Slain by Jorgrun

Levels and vault maps discovered:
D:1:      sevenhm_arrival_forest_fort_large_4, layout_basic, minivault_27,
          chequers_serial_rivers_small_b
D:2:      layout_loops_corners
D:3:      layout_loops_corners, chequers_ecumenical_altar_island, uniq_jessica
D:4:      layout_loops_cross, minmay_temple_entry_enclosed_plants, first_ration,
          uniq_sigmund, uniq_ijyb
D:5:      minmay_inner_zag, layout_basic, basic_altar
D:6:      layout_basic, lemuel_crystal_altar, lemuel_crystal_altar, uniq_edmund
D:7:      layout_loops_ring, enter_ossuary_3, grunt_livestock
D:8:      layout_cave_pools, nicolae_overflow_hidden_temple,
          nicolae_overflow_crystal_walls, minmay_microvault, uniq_grum,
          uniq_gastronok
D:9:      layout_rooms, erik_lair_island, erik_orc_1
D:10:     layout_roguey, hangedman_decor_slide_cut, item_on_display_a
D:11:     gammafunk_the_bubble [the_bubble_gammafunk_plus_minus], layout_basic,
          ploomutoo_gammafunk_ghost_potion_laboratory, uniq_erica, uniq_snorg,
          uniq_josephine
D:12:     layout_stronghold, uniq_jorgrun, uniq_nessos, uniq_kirke
Temple:   lightli_temple_of_artemis
Lair:1:   layout_roguey, gammafunk_ghost_cemetery, basic_altar,
          small_statue_intersection
Lair:2:   layout_misc_corridors, minmay_snake_entry_six_corridors
Lair:3:   layout_long_grid, minmay_lair_oklob_chamber, lemuel_fruit_fields
Lair:4:   layout_hall_layers, elwin_shoals_entry_stream,
          nicolae_lair_yak_garden, serial_bayou_shore_a, grunt_megastairs_2
Lair:5:   layout_layer_cave
Lair:6:   evil_forest, layout_misc_corridors, minmay_slime_entry_oklob_enclosed

Skill      XL: |  1  2  3  4  5  6  7  8  9 10 11 12 13 14 |
---------------+-------------------------------------------+-----
Dodging        | 2 |  2.2
Spellcasting   | 4 5 8 9 |  9.9
Conjurations   | 1 2 3 4 |  4.2
Summonings     | 1 2 3 4 |  4.3
Translocations | 1 2 |  2.3
Fighting       | 1 3 4 8 10 12 14 15 | 15.2
Poison Magic   | 1 2 3 4 |  4.1
Evocations     | 1 |  1.0
Polearms       | 1 4 7 8 9 11 12 | 12.5
Invocations    | 1 3 4 5 7 9 |  9.5
Armour         | 1 3 5 6 8 |  8.3
Maces & Flails | 2 4 |  4.4
Fire Magic     | 3 |  3.6
Stealth        | |  1.7
Air Magic      | |  0.5

Action                   |  1- 3 |  4- 6 |  7- 9 | 10-12 | 13-15 || total
-------------------------+-------+-------+-------+-------+-------++-------
Melee: Spear             |     6 |       |       |       |       ||     6
       Dagger            |    10 |    33 |    12 |       |       ||    55
       Club              |       |    10 |       |       |       ||    10
       Trident           |       |       |   189 |   459 |   638 ||  1286
       Flail             |       |       |       |    73 |       ||    73
       Lajatang          |       |       |       |       |    34 ||    34
 Cast: Magic Dart        |    97 |    77 |   108 |    89 |    62 ||   433
       Call Imp          |     7 |    40 |    58 |    52 |   119 ||   276
       Blink             |       |     3 |     5 |     7 |    22 ||    37
       Mephitic Cloud    |       |     2 |    24 |    26 |    22 ||    74
       Conjure Flame     |       |       |       |     4 |     9 ||    13
       Sticky Flame      |       |       |       |     3 |    25 ||    28
       Ignite Poison     |       |       |       |       |     2 ||     2
       Inner Flame       |       |       |       |       |     2 ||     2
Invok: Bend Time         |       |       |     3 |     4 |    18 ||    25
       Slouch            |       |       |       |     6 |     6 ||    12
       Temporal Distorti |       |       |       |     1 |       ||     1
       Step From Time    |       |       |       |       |     1 ||     1
 Abil: Evoke Blink       |       |       |     1 |       |     3 ||     4
       Evoke Flight      |       |       |       |       |     1 ||     1
Evoke: Wand              |       |     2 |     3 |     1 |    13 ||    19
       Box of beasts     |       |       |       |       |     2 ||     2
  Use: Scroll            |     1 |     3 |     6 |     7 |    10 ||    27
       Potion            |       |       |       |       |     6 ||     6
 Stab: Distracted        |       |       |     3 |     3 |     4 ||    10
       Confused          |       |       |     7 |    11 |     7 ||    25
       Sleeping          |       |       |     1 |       |       ||     1
       Petrified         |       |       |       |       |     9 ||     9
       Paralysed         |       |       |       |       |     6 ||     6
  Eat: Chunk             |     6 |     9 |     9 |    13 |     6 ||    43
       Ration            |       |     1 |     1 |       |     5 ||     7
Armor: Robe              |     9 |     7 |    17 |       |       ||    33
       Ice dragon scales |       |       |    60 |   364 |   339 ||   763
Dodge: Dodged            |    21 |    37 |   105 |   265 |   306 ||   734

Table legend:
 A = Non-vault XP
 B = Vault XP
 C = Vault XP percentage of total XP
 D = Non-vault monster count
 E = Vault monster count
 F = Vault count percentage of total count
                 A         B        C        D         E       F
            +---------+---------+-------+---------+---------+-------
      Total |   47944 |   35701 |  42.7 |     395 |     125 |  24.0
            +---------+---------+-------+---------+---------+-------
        D:1 |      50 |       0 |   0.0 |      24 |       0 |   0.0
        D:2 |      35 |       0 |   0.0 |      21 |       0 |   0.0
        D:3 |     104 |      19 |  15.4 |      23 |       1 |   4.2
        D:4 |     235 |     134 |  36.3 |       7 |       2 |  22.2
        D:5 |     295 |     154 |  34.3 |      17 |       3 |  15.0
        D:6 |     523 |     130 |  19.9 |      23 |       1 |   4.2
        D:7 |    1248 |     707 |  36.2 |      25 |       7 |  21.9
        D:8 |     722 |    3061 |  80.9 |      21 |       6 |  22.2
        D:9 |    2601 |    1275 |  32.9 |      34 |      25 |  42.4
       D:10 |    2184 |       0 |   0.0 |      30 |       0 |   0.0
       D:11 |    3477 |    9494 |  73.2 |      36 |      24 |  40.0
       D:12 |    4046 |       0 |   0.0 |      11 |       0 |   0.0
     Lair:1 |    2803 |       0 |   0.0 |      18 |       0 |   0.0
     Lair:2 |    2161 |    1656 |  43.4 |      12 |      12 |  50.0
     Lair:3 |    6795 |    2472 |  26.7 |      25 |       7 |  21.9
     Lair:4 |    4653 |    4772 |  50.6 |      23 |      11 |  32.4
     Lair:5 |    5422 |     826 |  13.2 |      11 |       1 |   8.3
     Lair:6 |   10590 |   11001 |  51.0 |      34 |      25 |  42.4
            +---------+---------+-------+---------+---------+-------
